 Dungeon Crawl Stone Soup version 0.32-a0-85-g672eff3212 (webtiles) character file.

Game seed: 7342727367819464138

11078 TentacledManhood the Toxicologist (level 11, -5/103 HPs)
             Began as a Naga Alchemist on Feb 6, 2024.
             Was a Believer of Kikubaaqudgha.
             Slain by a skeletal warrior
             ... wielding a +1 long sword of freezing
              (20 damage)
             ... on level 10 of the Dungeon.
             The game lasted 00:21:32 (14899 turns).

TentacledManhood the Toxicologist (Naga Alchemist) Turns: 14899, Time: 00:21:33

Health: -5/103     AC: 11    Str: 11    XL:     11   Next: 72%
Magic:  23/23      EV: 10    Int: 19    God:    Kikubaaqudgha [**....]
Gold:   471        SH:  0    Dex: 12    Spells: 21/26 levels left

rFire   . . .        a - +5 dagger (venom)
rCold   . . .        (no shield)
rNeg    . . .        Q - +0 acid dragon scales
rPois   +            M - +1 helmet
rElec   .            (no cloak)
rCorr   +            c - +2 pair of gloves
SInv    +            (no barding)
Will    +....        A - amulet of the acrobat
Stlth   +++          L - ring of flight
HPRegen 0.37/turn    Z - ring of wizardry
MPRegen 0.18/turn

%: acrobat, wizardry (x1)
@: mighty, flying, very slow
A: AC +3, large, see invisible, deformed body, poison resistance, slowness 2,
spit poison 1, naga tail 1
a: Spit Poison, Renounce Religion, Unearth Wretches


You were on level 10 of the Dungeon.
You worshipped Kikubaaqudgha.
Kikubaaqudgha was pleased with you.
You visited 2 branches of the dungeon, and saw 12 of its levels.

You collected 571 gold pieces.
You spent 100 gold pieces at shops.

Inventory:

Hand Weapons
 a - a +5 dagger of venom (weapon)
 f - a +2 dagger of venom
Missiles
 t - 2 throwing nets {=f!f}
Armour
 c - a +2 pair of gloves (worn)
 M - a +1 helmet (worn)
 Q - +0 acid dragon scales (worn)
Magical Staves
 e - a staff of death {!a}
 h - a staff of conjuration {!a}
Jewellery
 A - an amulet of the acrobat (around neck)
 L - a ring of flight (left hand)
 Z - a ring of wizardry (right hand)
Wands
 k - a wand of paralysis (7)
 z - a wand of iceblast (4)
 B - a wand of digging (6)
Scrolls
 d - 2 scrolls of fog
 q - 3 scrolls of enchant armour
 s - 4 scrolls of fear
 v - 2 scrolls of poison
 w - 3 scrolls of teleportation {@r4}
 x - 3 scrolls of enchant weapon
 y - a scroll of torment {!r}
 E - 3 scrolls of revelation
 N - a scroll of amnesia
 P - a scroll of identify {@r1}
Potions
 b - 2 potions of magic
 g - 2 potions of brilliance {unknown}
 i - 4 potions of curing {unknown}
 j - a potion of degeneration {unknown}
 l - a potion of resistance {unknown}
 m - a potion of cancellation {unknown}
 n - 2 potions of lignification {unknown}
 p - a potion of haste {unknown}
 r - 2 potions of attraction {unknown}
 u - 2 potions of enlightenment {unknown}
 D - 2 potions of ambrosia
 H - a potion of invisibility {unknown}


   Skills:
 - Level 8.0 Fighting
 - Level 4.0 Dodging
 - Level 8.0 Stealth
 - Level 8.0 Spellcasting
 - Level 1.0 Conjurations
 + Level 9.0 Necromancy
 - Level 10.0 Alchemy
 - Level 4.0 Evocations


You had 21 spell levels left.
You knew the following spells:

 Your Spells              Type           Power      Damage    Failure   Level
o - Olgreb's Toxic Radia  Alch           45%        N/A       1%          4
s - Sting                 Conj/Alch      100%       1d9       1%          1

Your spell library contained the following spells:

 Spells                   Type           Power      Damage    Failure   Level
 Kiss of Death            Conj/Necr      100%       2d13      1%          1
 Necrotise                Necr           100%       1d9       1%          1
 Mercury Vapours          Alch/Air       52%        N/A       1%          2
 Fugue of the Fallen      Necr           42%        N/A       1%          3
 Vampiric Draining        Necr           42%        2d9       1%          3
 Mephitic Cloud           Conj/Alch/Air  21%        N/A       4%          3
 Curse of Agony           Necr           42%        N/A       4%          5
 Fulminant Prism          Conj/Alch      14%        3d9       6%          4
 Sticky Flame             Fire/Alch      26%        2d6       8%          4
 Ensorcelled Hibernation  Hex/Ice        14%        N/A       9%          2
 Lesser Beckoning         Tloc           14%        N/A       9%          2
 Dazzling Flash           Conj/Hex       18%        N/A       14%         3
 Hailstorm                Conj/Ice       9%         3d6       14%         3
 Gell's Gravitas          Tloc           7%         N/A       16%         3
 Passwall                 Erth           7%         N/A       16%         3
 Summon Ice Beast         Ice/Summ       7%         N/A       16%         3
 Swiftness                Air            7%         N/A       16%         3
 Teleport Other           Tloc           7%         N/A       16%         3
 Volatile Blastmotes      Fire/Tloc      14%        2d11      16%         3
 Iskenderun's Mystic Bla  Conj/Tloc      9%         2d4       41%         4
 Sculpt Simulacrum        Ice/Alch       13%        N/A       69%         6
 Silence                  Hex/Air        3%         N/A       80%         5


Dungeon Overview and Level Annotations

Branches:
Dungeon (11/15)            Temple (1/1) D:7            Lair (0/5) D:11
    Orc (0/2) D:9

Altars:
Ashenzari
Cheibriados
Dithmenos
Elyvilon
Fedhas
Gozag
Hepliaklqana
Kikubaaqudgha
Makhleb
Nemelex Xobeh
Okawaru
Qazlal
Ru
Sif Muna
Trog
Uskayaw
Vehumet
Wu Jian
Xom
Yredelemnul
Zin
The Shining One
Jiyva

Shops:
D:3 !   D:4 =

Annotations:
D:7 2 transporters, casual's ghost, novice DjAE
D:8 4 transporters
D:11 1 runed translucent door, MisterFreud's ghost, journeyman DrSh


Innate Abilities, Weirdness & Mutations

Your serpentine skin is tough. (AC +3)
You have supernaturally acute eyesight. (SInv)
Armour fits poorly on your strangely shaped body.
Your system is resistant to poisons. (rPois)
You cover ground very slowly.
You can spit poison.
You have a snake-like lower body.


Message History

Aiming: Throw Flame
Press: ? - help, Q - select action, (/) - cycle Shift-Dir - straight line, f/p - skeletal warrior
Aim: a skeletal warrior, wielding a +1 long sword of freezing (almost destroyed, 71% to hit)
The puff of flame misses the skeletal warrior.
The skeletal warrior barely misses you.
Aiming: Throw Flame
Press: ? - help, Q - select action, (/) - cycle Shift-Dir - straight line, f/p - skeletal warrior
Aim: a skeletal warrior, wielding a +1 long sword of freezing (almost destroyed, 71% to hit)
The puff of flame hits the skeletal warrior.
The skeletal warrior hits you with a +1 long sword of freezing!
* * * LOW HITPOINT WARNING * * *
The skeletal warrior freezes you.
* * * LOW HITPOINT WARNING * * *
Aiming: Paralyse
Press: ? - help, Q - select action, (/) - cycle Shift-Dir - straight line, f/p - skeletal warrior
Aim: a skeletal warrior, wielding a +1 long sword of freezing (almost destroyed, chance to affect: 4%)
Okay, then.
Aiming: Throw Flame
Press: ? - help, Q - select action, (/) - cycle Shift-Dir - straight line, p - skeletal warrior The skeletal warrior hits you with a +1 long sword of freezing.
* * * LOW HITPOINT WARNING * * *
The skeletal warrior freezes you.
* * * LOW HITPOINT WARNING * * *
Unknown command.
Unknown command.
Unknown command.
Unknown command.
Unknown command.
You feel much better.
The skeletal warrior hits you with a +1 long sword of freezing.
* * * LOW HITPOINT WARNING * * *
The skeletal warrior freezes you.
* * * LOW HITPOINT WARNING * * *
Unknown command.
Aiming: Throw Flame
Press: ? - help, Q - select action, (/) - cycle Shift-Dir - straight line, f - skeletal warrior
Aim: a skeletal warrior, wielding a +1 long sword of freezing (almost destroyed, 71% to hit)
The puff of flame misses the skeletal warrior.
The now-empty wand crumbles to dust.
The skeletal warrior hits you but does no damage.
You barely miss the skeletal warrior.
The skeletal warrior hits you with a +1 long sword of freezing!
* * * LOW HITPOINT WARNING * * *
The skeletal warrior freezes you.
* * * LOW HITPOINT WARNING * * *
Unknown command.
You feel very mighty all of a sudden.
The skeletal warrior hits you with a +1 long sword of freezing!!
You die...
Kikubaaqudgha rasps: You have failed me!
Welcome... death!

..##....# #.......#....#......#
..##....#####.......#....).......
.................................
####'#########...................
#............#......###########..
'............'.####.#.........'..
#...##..######.####.'.........#..
#...##..######.[....###+#...).#..
#............#.z@.......#.....#.#
#........>...'.###......#.....#.#
#............#......###.#.....#..
###'##########..........'.#######
......#######.....#######.#....#.
#.....+.....#.##..#...##..#.##.#.
#.....#.....#.##..#...##..#.##.##
......#'#####.##..#...#####......
......#.....#.....#...#########..


You could see a skeletal warrior.

Vanquished Creatures
  Snorg (D:10)
  Fannar (D:10)
  Erica (D:8)
  A two-headed ogre (D:10)
  Nergalle (D:10)
  A skeletal warrior (D:11)
  A manticore (D:11)
  A cyclops (D:11)
  Maggie (D:10)
  3 trolls
  A shadow (D:10)
  3 yaks (D:9)
  A wyvern (D:10)
  A wraith (D:10)
  A warg (D:9)
  Grum (D:10)
  An acid dragon (D:10)
  2 water moccasins
  An ice beast (D:7)
  A black bear (D:8)
  A sky beast (D:7)
  3 ogres
  9 orc warriors
  3 centaurs
  3 wolves (D:10)
  5 phantoms
  3 kobold brigands
  A gnoll sergeant (D:8)
  A bullfrog (D:8)
  2 scorpions
  5 wights (D:8)
  10 killer bees
  A howler monkey (D:11)
  A bombardier beetle (D:5)
  A gnoll bouda (D:5)
  A hound (D:5)
  7 jellies
  4 orc priests
  Ijyb (D:5)
  3 iguanas
  5 orc wizards
  2 sleepcaps (D:5)
  14 gnolls
  9 adders
  A white imp (D:7)
  3 dart slugs
  A ribbon worm (D:4)
  30 orcs
  7 ball pythons
  15 endoplasms
  3 giant cockroaches
  8 goblins
  8 hobgoblins
  4 jackals (D:3)
  23 kobolds
  3 quokkas
  4 bats
  7 frilled lizards
  9 rats
246 creatures vanquished.

Notes
Turn   | Place    | Note
-------+----------+-------------------------------------------
     0 | D:1      | TentacledManhood the Naga Alchemist began the quest for the
                  | Orb.
     0 | D:1      | Reached XP level 1. HP: 15/15 MP: 3/3
   125 | D:1      | Reached XP level 2. HP: 22/22 MP: 0/5
   224 | D:1      | Reached skill level 4 in Alchemy
   698 | D:1      | Reached XP level 3. HP: 28/28 MP: 1/6
  2296 | D:2      | Reached skill level 3 in Spellcasting
  2296 | D:2      | Reached XP level 4. HP: 36/36 MP: 1/8
  2703 | D:2      | Learned a level 4 spell: Olgreb's Toxic Radiance
  2735 | D:3      | Reached skill level 5 in Alchemy
  2838 | D:3      | Noticed a phantom
  2948 | D:3      | Found a faded altar of an unknown god.
  3253 | D:3      | Found Duicel Qeho's Distillery.
  3315 | D:3      | Bought 2 potions of heal wounds for 100 gold pieces
  3551 | D:3      | Killed a phantom
  3552 | D:3      | Reached XP level 5. HP: 41/42 MP: 10/10
  3817 | D:4      | Reached skill level 6 in Alchemy
  3971 | D:4      | Reached XP level 6. HP: 50/50 MP: 7/12
  3974 | D:4      | Reached skill level 1 in Fighting
  4967 | D:4      | Found Jydekhl Cusal's Jewellery Shop.
  4970 | D:4      | Found a burning altar of Makhleb.
  5428 | D:4      | Reached XP level 7. HP: 60/60 MP: 2/13
  5788 | D:5      | Entered Level 5 of the Dungeon
  5884 | D:5      | Reached skill level 7 in Alchemy
  6126 | D:5      | Reached skill level 3 in Fighting
  6202 | D:5      | Reached skill level 6 in Stealth
  6438 | D:5      | Reached XP level 8. HP: 27/70 MP: 8/14
  6714 | D:5      | Noticed Ijyb
  6721 | D:5      | Killed Ijyb
  7297 | D:6      | Reached skill level 8 in Alchemy
  8389 | D:7      | Found a staircase to the Ecumenical Temple.
  8407 | Temple   | Entered the Ecumenical Temple
  8484 | Temple   | Became a worshipper of Kikubaaqudgha
  8541 | D:7      | Reached skill level 9 in Alchemy
  8650 | D:7      | Noticed a hornet
  8699 | D:7      | Reached XP level 9. HP: 68/82 MP: 5/15
  8965 | D:7      | Noticed a queen bee
  8966 | D:7      | Found a transporter.
  8970 | D:7      | Found a transporter.
  8970 | D:7      | Noticed casual's ghost (novice DjAE)
  8982 | D:7      | Reached skill level 6 in Fighting
  9439 | D:8      | Noticed Erica
  9449 | D:8      | Killed Erica
  9450 | D:8      | Reached skill level 10 in Alchemy
  9699 | D:8      | Found a transporter.
  9704 | D:8      | Found a transporter.
  9706 | D:8      | Found a transporter.
  9895 | D:8      | Reached skill level 1 in Evocations
 10058 | D:8      | Found a transporter.
 10311 | D:8      | Reached skill level 3 in Dodging
 10316 | D:8      | Reached skill level 3 in Evocations
 10416 | D:8      | Identified the +0 leather armour "Kifucsa" {rC+ rN+}
 10691 | D:9      | Reached XP level 10. HP: 92/96 MP: 9/16
 10984 | D:9      | Reached * piety under Kikubaaqudgha
 10984 | D:9      | Received a gift from Kikubaaqudgha
 10986 | D:9      | Reached skill level 1 in Necromancy
 11083 | D:9      | Found a viscous altar of Jiyva.
 11564 | D:9      | Found a staircase to the Orcish Mines.
 11594 | D:9      | Reached skill level 3 in Necromancy
 12365 | D:10     | Entered Level 10 of the Dungeon
 12455 | D:10     | Noticed Grum
 12465 | D:10     | Killed Grum
 12734 | D:10     | Noticed a two-headed ogre
 12747 | D:10     | Killed a two-headed ogre
 12748 | D:10     | Reached skill level 6 in Spellcasting
 12929 | D:10     | Reached ** piety under Kikubaaqudgha
 13138 | D:10     | Noticed Maggie
 13150 | D:10     | Killed Maggie
 13151 | D:10     | Reached XP level 11. HP: 103/103 MP: 5/21
 13483 | D:10     | Noticed Snorg
 13486 | D:10     | Noticed Nergalle
 13493 | D:10     | Killed Nergalle
 13494 | D:10     | Reached skill level 6 in Necromancy
 13496 | D:10     | Killed Snorg
 13755 | D:10     | Noticed Fannar
 13770 | D:10     | Killed Fannar
 14078 | D:10     | Found a stormy altar of Qazlal.
 14225 | D:11     | Noticed MisterFreud's ghost (journeyman DrSh)
 14225 | D:11     | Found a runed translucent door.
 14225 | D:11     | Found a staircase to the Lair.
 14227 | D:11     | Noticed a cyclops
 14227 | D:11     | Noticed a skeletal warrior
 14459 | D:11     | Noticed a manticore
 14467 | D:11     | Killed a manticore
 14567 | D:11     | Noticed a skeletal warrior
 14567 | D:11     | Noticed a boulder beetle
 14729 | D:11     | Killed a cyclops
 14862 | D:11     | Killed a skeletal warrior
 14862 | D:11     | Noticed a skeletal warrior
 14863 | D:11     | Reached skill level 9 in Necromancy
 14885 | D:10     | HP: 2/103 [skeletal warrior/+1 long sword of freezing (8)]
 14899 | D:10     | Slain by a skeletal warrior

Illustrated notes

Levels and vault maps discovered:
D:1:      nicolae_arrival_washed_ashore, layout_basic, chequers_mini_garden
D:2:      layout_loops_ring
D:3:      layout_basic, serial_shops, nicolae_shop_industrial_runoff,
          chequers_ecumenical_altar_island, kennysheep_generic_room_7
D:4:      layout_cave_pods, mainiacjoe_overflow_alcove_1,
          serial_co_window_serial, co_window_corner_a, co_window_paths_a,
          co_window_corner_a, co_window_corner_a, co_window_paths_a,
          co_window_corner_a, co_window_corner_a, co_window_cross_2,
          co_window_corner_cb, co_window_of_opportunity_c,
          co_window_unsneaky_path_d, co_window_broadway_a, co_window_4corner_a,
          glass_columns_a, glass_columns_a, nicolae_take_the_stairs,
          glass_columns_b
D:5:      layout_loops_ring, uniq_ijyb
D:6:      layout_gridville, lexackson_kobold_supper
D:7:      layout_basic, temple_green, gammafunk_ghost_hive,
          hangedman_decor_peaks_small
D:8:      layout_cave_pods, amcnicky_mini_rare_corridor_liquid,
          nicolae_diode_quadrants, uniq_erica
D:9:      layout_loops_corners, david_orc_1_choice, serial_aquarium,
          aquarium_bridge_straight [aquarium_subvault_bridge,
          aquarium_subvault_balcony, aquarium_subvault_bridge,
          aquarium_subvault_window], aquarium_window_corner,
          aquarium_window_fake, aquarium_window_fake, aquarium_view_2c,
          jiyva_altar_1
D:10:     layout_stronghold, mainiacjoe_overflow_alcove_2, uniq_fannar,
          uniq_grum, uniq_nergalle, uniq_maggie, uniq_snorg
D:11:     layout_big_octagon, lair_entry_dummy, serial_shops, shop,
          gammafunk_ghost_grave, minmay_nine_imps
Temple:   nicolae_temple_bog_church

Skill      XL: |  1  2  3  4  5  6  7  8  9 10 11 |
---------------+----------------------------------+-----
Alchemy        | 4 5 6 7 9 10 | 10.0
Spellcasting   | 3 4 6 8 |  8.0
Fighting       | 2 3 5 8 |  8.0
Stealth        | 4 6 8 |  8.0
Dodging        | 3 4 |  4.0
Evocations     | 3 4 |  4.0
Necromancy     | 5 9 |  9.0
Conjurations   | |  1.0

Action                     |  1- 3 |  4- 6 |  7- 9 | 10-12 || total
---------------------------+-------+-------+-------+-------++-------
  Melee: Unarmed           |    12 |       |       |       ||    12
         Dagger            |     1 |    47 |   105 |    43 ||   196
         Punch             |       |     1 |     6 |     2 ||     9
   Cast: Sting             |    96 |   112 |   143 |   112 ||   463
         Olgreb's Toxic Ra |       |    10 |    32 |    51 ||    93
Ability: Spit Poison       |     3 |     6 |    13 |    20 ||    42
  Evoke: Wand              |       |     5 |    12 |    32 ||    49
    Use: Scroll            |       |     3 |     6 |     5 ||    14
         Potion            |       |       |       |     5 ||     5
   Stab: Paralysed         |       |     4 |       |     2 ||     6
         Sleeping          |       |       |       |     2 ||     2
         Distracted        |       |       |       |     1 ||     1
 Armour: Robe              |    21 |    63 |   105 |       ||   189
         Leather armour    |       |       |     4 |    64 ||    68
         Acid dragon scale |       |       |       |    94 ||    94
  Dodge: Dodged            |    29 |    56 |    90 |   108 ||   283

Table legend: (Time is in decaauts)
 A = Elapsed time spent in this place.
 B = Non-inter-level travel time spent in this place.
 C = Inter-level travel time spent in this place.
 D = Time resting spent in this place.
 E = Time spent auto-exploring this place.
 F = Levels seen in this place.
 G = Mean time per level.
                   A        B        C        D        E       F      G
               +--------+--------+--------+--------+--------+-----+--------+
         Total |  17871 |  17093 |    778 |   1421 |  13827 |  12 | 1489.2 |
       Dungeon |  17766 |  17031 |    735 |   1421 |  13766 |  11 | 1615.1 |
        Temple |    105 |     62 |     43 |      0 |     61 |   1 |  105.0 |
               +--------+--------+--------+--------+--------+-----+--------+

Top non-repeatable levels by time:
    D:10: 2722 daAuts
     D:4: 2449 daAuts
     D:9: 2101 daAuts
     D:1: 2089 daAuts
     D:8: 1679 daAuts
     D:5: 1551 daAuts
     D:2: 1501 daAuts
     D:6: 1338 daAuts
     D:7: 1084 daAuts
     D:3: 1033 daAuts
    D:11: 216 daAuts
  Temple: 105 daAuts
